 Dungeon Crawl Stone Soup version 0.32-a0-656-g3542139ebd (webtiles) character file.

Game seed: 11371405621381901913

942 BubbleThief the Purveyor of Pain (level 7, -4/57 HPs)
             Began as a Demonspawn Necromancer on Mar 8, 2024.
             Was an Initiate of Kikubaaqudgha.
             Slain by a gnoll sergeant
             ... wielding a +4 spear of venom
              (11 damage)
             ... on level 5 of the Dungeon.
             The game lasted 00:09:27 (4773 turns).

BubbleThief the Purveyor of Pain (DsNe)             Turns: 4773, Time: 00:09:27

Health: -4/57      AC:  4    Str: 11    XL:     7   Next: 88%
Magic:  2/11       EV: 11    Int: 15    God:    Kikubaaqudgha [......]
Gold:   313        SH:  0    Dex: 13    Spells: 4/12 levels left

rFire   . . .        x - +1 spear (heavy)
rCold   . . .        (no shield)
rNeg    . . .        l - +0 leather armour
rPois   .            (helmet restricted)
rElec   .            p - +0 cloak
rCorr   .            (no gloves)
SInv    .            (no boots)
Will    .....        (no amulet)
Stlth   ++           t - ring of wizardry
HPRegen 0.29/turn    (no ring)
MPRegen 0.12/turn

%: wizardry (x1)
@: no status effects
A: antennae 1, demonic guardian 1, condensation shield, demonic touch 1
a: Renounce Religion


You were on level 5 of the Dungeon.
You worshipped Kikubaaqudgha.
Kikubaaqudgha was noncommittal.
You visited 2 branches of the dungeon, and saw 6 of its levels.

You collected 313 gold pieces.

Inventory:

Hand Weapons
 d - a +0 dagger
 u - a +0 trident
 x - a +1 heavy spear (weapon)
Missiles
 k - 4 curare-tipped darts
Armour
 a - a +0 robe
 l - a +0 leather armour (worn)
 p - a +0 cloak (worn)
Jewellery
 t - a ring of wizardry (left hand)
 y - an amulet of guardian spirit
 B - a +5 ring of evasion
Scrolls
 c - 3 scrolls of revelation {unknown}
 e - a scroll of acquirement {unknown}
 f - a scroll of poison {unknown}
 h - 8 scrolls of identify {unknown}
 q - a scroll of silence {unknown}
 s - a scroll of teleportation {unknown}
 v - a scroll of brand weapon {unknown}
 w - a scroll of vulnerability {unknown}
 A - a scroll of torment {unknown}
 D - a scroll of butterflies {unknown}
 F - a scroll of immolation {unknown}
Potions
 b - a potion of magic
 g - a potion of attraction {unknown}
 i - 2 potions of resistance {unknown}
 j - 3 potions of heal wounds {unknown}
 m - a potion of cancellation {unknown}
 n - 2 potions of haste {unknown}
 o - 2 potions of ambrosia {unknown}
 r - 4 potions of curing
 z - a potion of degeneration {unknown}
 C - a potion of might {unknown}
 E - a potion of lignification {unknown}


   Skills:
 + Level 5.8 Fighting
 * Level 4.2 Polearms
 - Level 1.7 Dodging
 - Level 1.7 Stealth
 - Level 3.1 Spellcasting
 - Level 6.1 Necromancy


You had 4 spell levels left.
You knew the following spells:

 Your Spells              Type           Power      Damage    Failure   Level
a - Necrotise             Necr           80%        1d8       1%          1
b - Vampiric Draining     Necr           20%        2d7       2%          3
c - Animate Dead          Necr           20%        N/A       9%          4

Your spell library contained the following spells:

 Spells                   Type           Power      Damage    Failure   Level
 Curse of Agony           Necr           20%        N/A       24%         5


Dungeon Overview and Level Annotations

Branches:
Dungeon (5/15)             Temple (1/1) D:4

Altars:
Ashenzari
Cheibriados
Dithmenos
Fedhas
Gozag
Hepliaklqana
Kikubaaqudgha
Makhleb
Nemelex Xobeh
Okawaru
Qazlal
Ru
Uskayaw
Vehumet
Wu Jian
Xom
Yredelemnul
Ignis


Innate Abilities, Weirdness & Mutations

You have a pair of small antennae on your head.
A weak demonic guardian rushes to your aid.
A meltable shield of frost defends you. (SH +0)
Your touch may inflict minor irresistible damage on your foes.


Message History

Aim: a gnoll, wielding a +0 halberd (almost dead)
Okay, then.
You hit the gnoll.
You kill the gnoll!
Kikubaaqudgha accepts your kill.
You hear a shout! x2
Unknown command.
You barely miss the gnoll sergeant.
You touch the gnoll sergeant.
The gnoll sergeant is moderately wounded.
The gnoll sergeant hits you with a +4 spear of venom!
You are poisoned.
Unknown command.
Casting: Vampiric Draining (dangerous; 2% risk of failure)
Confirm with . or Enter, or press ? or * to list all spells.
Aiming: Vampiric Draining (dangerous; 2% risk of failure)
Press: ? - help, Shift-Dir - straight line, f - gnoll sergeant
Aim: a gnoll sergeant, wielding a +4 spear of venom and wearing a +0 scale mail (moderately wounded)
You draw life force from the gnoll sergeant!
You feel life coursing into your body.
You feel very sick.
The gnoll sergeant hits you with a +4 spear of venom.
You are more poisoned.
Unknown command.
You aren't carrying any items that you can evoke.
Okay, then.
You hit the gnoll sergeant.
You touch the gnoll sergeant.
The gnoll sergeant is almost dead.
* * * LOW HITPOINT WARNING * * *
You feel very sick.
The gnoll sergeant hits you with a +4 spear of venom.
* * * LOW HITPOINT WARNING * * *
You are more poisoned.
The gnoll sergeant hits you with a +4 spear of venom!
* * * LOW HITPOINT WARNING * * *
You are more poisoned.
Okay, then.
It was a potion of curing.
You feel better.
The gnoll sergeant hits you with a +4 spear of venom!
You die...
Kikubaaqudgha rasps: You have failed me!
Welcome... death!

#.....##.##......###...... #####
....##....#....##...###...###...#
....#..#..#....#.....#.###.#.....
.......#..#...g.#...#...#...#...#
.......##.#.....#####...#...#####
.......##..g....#...#...#...# #
.......#.......#.....#.###.#.....
.#...#.........##...###...###...#
.#...##.....g.{#@###.#.....# ###.
.............{#g..#...#...#...#
.#.#...##.##..#...#...#####...#
.#.##..#### ..#...#...# ..#
........# ...#.###.#. .##
.)........ ..##. .###. .
.......... .. ... # ..
#.............. ..
...............####


You could see a gnoll sergeant.

Vanquished Creatures
  A black bear (D:5)
  A centaur (D:4)
  2 phantoms (D:4)
  A scorpion (D:5)
  2 howler monkeys
  A bombardier beetle (D:3)
  3 orc priests (D:4)
  3 iguanas (D:5)
  4 orc wizards
  3 gnolls (D:5)
  5 adders
  3 dart slugs
  3 ribbon worms
  8 orcs (D:4)
  6 endoplasms
  5 giant cockroaches
  4 goblins
  6 hobgoblins
  5 quokkas
  10 ball pythons
  7 bats
  A frilled lizard (D:2)
  A kobold (D:4)
  5 rats (D:1)
90 creatures vanquished.

Vanquished Creatures (collateral kills)
  A jelly (D:4)
  An orc (D:4)
  An endoplasm (D:3)
  2 jackals (D:1)
  A ball python (D:2)
6 creatures vanquished.

Grand Total: 96 creatures vanquished

Notes
Turn   | Place    | Note
-------+----------+-------------------------------------------
     0 | D:1      | BubbleThief the Demonspawn Necromancer began the quest for
                  | the Orb.
     0 | D:1      | Reached XP level 1. HP: 13/13 MP: 3/3
   294 | D:1      | Discovered your monstrous ancestry.
   294 | D:1      | Gained mutation: Your touch may inflict minor irresistible
                  | damage on your foes. [demonic ancestry]
   294 | D:1      | Reached XP level 2. HP: 19/19 MP: 1/5
   663 | D:1      | Reached skill level 5 in Necromancy
   845 | D:1      | Reached XP level 3. HP: 24/24 MP: 4/6
  1846 | D:2      | Gained mutation: A meltable shield of frost defends you.
                  | (SH +0) [demonic ancestry]
  1846 | D:2      | Reached XP level 4. HP: 24/30 MP: 1/8
  2444 | D:3      | Reached skill level 6 in Necromancy
  2553 | D:3      | Found a shadowy altar of Dithmenos.
  2752 | D:3      | Found an iron altar of Okawaru.
  2972 | D:3      | Found an opulent altar of Gozag.
  3030 | D:4      | Reached skill level 1 in Fighting
  3030 | D:4      | Gained mutation: A weak demonic guardian rushes to your
                  | aid. [demonic ancestry]
  3030 | D:4      | Reached XP level 5. HP: 38/38 MP: 4/9
  3037 | D:4      | Noticed a phantom
  3077 | D:4      | Killed a phantom
  3078 | D:4      | Gained mutation: You have a pair of small antennae on your
                  | head. [demonic ancestry]
  3078 | D:4      | Reached XP level 6. HP: 23/48 MP: 4/10
  3671 | D:4      | Found a staircase to the Ecumenical Temple.
  3680 | D:4      | Reached skill level 1 in Polearms
  3692 | Temple   | Entered the Ecumenical Temple
  3933 | D:3      | Reached skill level 5 in Fighting
  3933 | D:3      | Reached XP level 7. HP: 43/56 MP: 0/11
  4130 | D:4      | Found a blossoming altar of Fedhas.
  4178 | D:5      | Entered Level 5 of the Dungeon
  4240 | D:4      | HP: 2/56 [acid (3)]
  4584 | D:5      | Found an ancient bone altar of Kikubaaqudgha.
  4597 | D:5      | Became a worshipper of Kikubaaqudgha
  4602 | D:5      | Learned a level 3 spell: Vampiric Draining
  4607 | D:5      | Learned a level 4 spell: Animate Dead
  4616 | D:5      | Found a radiant altar of Vehumet.
  4772 | D:5      | HP: 1/57 [gnoll sergeant/+4 spear of venom (12)]
  4773 | D:5      | Slain by a gnoll sergeant

Illustrated notes

Levels and vault maps discovered:
D:1:      lightli_arrival_statue_moat, layout_loops_corners, hex_large,
          st_stairs_8, nicolae_figureground_pulse
D:2:      kennysheep_big_flooded_room, layout_basic
D:3:      layout_rooms, grunt_dithmenos_smoke, mainiacjoe_overflow_swirl
D:4:      layout_rooms, gammafunk_temple_overflow_pools, temple_fountains
D:5:      nicolae_cairo_tiling, layout_cave_pools, minitemple,
          hangedman_abyss_or_decor_passed, minmay_crystal_room
Temple:   ebering_untended_altars

Skill      XL: |  1  2  3  4  5  6  7 |
---------------+----------------------+-----
Necromancy     | 5 6 |  6.1
Spellcasting   | 3 |  3.1
Fighting       | 1 3 5 |  5.8
Polearms       | 2 4 |  4.2
Dodging        | |  1.7
Stealth        | |  1.7

Action                     |  1- 3 |  4- 6 |  7- 9 || total
---------------------------+-------+-------+-------++-------
  Melee: Unarmed           |     2 |       |       ||     2
         Dagger            |     3 |    39 |       ||    42
         Touch             |     2 |     3 |    10 ||    15
         Spear             |       |     5 |    28 ||    33
         Trident           |       |     1 |       ||     1
   Cast: Necrotise         |    76 |   102 |    44 ||   222
         Vampiric Draining |       |       |     1 ||     1
    Use: Potion            |       |       |     1 ||     1
 Armour: Robe              |     3 |       |       ||     3
         Leather armour    |     6 |    44 |    20 ||    70
  Dodge: Dodged            |    15 |    30 |    22 ||    67
  Block: Other             |       |     7 |     3 ||    10

Table legend: (Time is in decaauts)
 A = Elapsed time spent in this place.
 B = Non-inter-level travel time spent in this place.
 C = Inter-level travel time spent in this place.
 D = Time resting spent in this place.
 E = Time spent auto-exploring this place.
 F = Levels seen in this place.
 G = Mean time per level.
                   A        B        C        D        E       F      G
               +--------+--------+--------+--------+--------+-----+--------+
         Total |   4786 |   4655 |    131 |    388 |   3495 |   6 |  797.7 |
       Dungeon |   4762 |   4642 |    120 |    388 |   3495 |   5 |  952.4 |
        Temple |     23 |     12 |     11 |      0 |      0 |   1 |   23.0 |
               +--------+--------+--------+--------+--------+-----+--------+

Top non-repeatable levels by time:
     D:1: 1289 daAuts
     D:4: 1101 daAuts
     D:2: 1099 daAuts
     D:3: 863 daAuts
     D:5: 409 daAuts
  Temple: 23 daAuts
